 Dungeon Crawl Stone Soup version 0.21-a0-522-ga8338f0 (webtiles) character file.

18489 mortelune the Nimble (level 12, -14/70 HPs)
             Began as a Deep Elf Conjurer on Dec 6, 2017.
             Was a Priest of Vehumet.
             Demolished by Gastronok (34 damage)
             ... on level 3 of the Lair of Beasts.
             The game lasted 01:19:45 (23358 turns).

mortelune the Nimble (Deep Elf Conjurer)           Turns: 23358, Time: 01:19:46

Health: -14/70     AC:  9    Str:  6    XL:     12   Next: 28%
Magic:  5/28       EV: 19    Int: 27    God:    Vehumet [***...]
Gold:   118        SH:  0    Dex: 15    Spells: 7/32 levels left

rFire    . . .     SeeInvis .   F - +0 whip (elec)
rCold    . . .     Gourm    +   (no shield)
rNeg     . . .     Faith    .   N - +2 leather armour of the Sun {rPois}
rPois    +         Spirit   .   (no helmet)
rElec    .         Reflect  .   p - +0 cloak
rCorr    .         Harm     .   k - +2 pair of gloves
MR       ++...                  (no boots)
Stlth    ++........             t - amulet of the gourmand
HPRegen  0.21/turn              f - ring of protection from magic
MPRegen  0.21/turn              Q - +2 ring of intelligence

@: no status effects
A: no striking features
a: Renounce Religion


You were on level 3 of the Lair of Beasts.
You worshipped Vehumet.
Vehumet was most pleased with you.
You were not hungry.

You visited 3 branches of the dungeon, and saw 14 of its levels.
You also visited: Ossuary.

You collected 592 gold pieces.
You spent 474 gold pieces at shops.

Inventory:

Hand Weapons
 c - a +3 flail
 u - a +0 dagger
 D - a +2 dagger of flaming
 F - a +0 whip of electrocution (weapon)
Missiles
 E - 3 throwing nets (quivered)
Armour
 a - a +0 robe
 k - a +2 pair of gloves (worn)
 p - a +0 cloak (worn)
 A - a cursed -2 leather armour
 N - the +2 leather armour of the Sun (worn) {rPois}
   (You found it on level 7 of the Dungeon)

   It protects you from poison.
 O - the +1 leather armour "Etaoduph" {Int+2}
   (You found it on level 8 of the Dungeon)

   It affects your intelligence (+2).
 X - the cursed +1 chain mail of the Blessed Realm {MR++ Regen+}
   (You found it on level 2 of the Lair of Beasts)

   It affects your resistance to hostile enchantments.
   It increases your rate of regeneration.
   It has a curse placed upon it.
Jewellery
 f - a ring of protection from magic (left hand)
 h - an uncursed amulet of rage
 t - an amulet of the gourmand (around neck)
 Q - a +2 ring of intelligence (right hand)
 T - an uncursed ring of positive energy
Wands
 e - a wand of flame (17)
 g - a wand of iceblast (11)
 w - a wand of clouds (6)
 y - a wand of digging (21)
 K - a wand of enslavement (20)
 R - a wand of random effects (29)
Scrolls
 d - 4 scrolls of remove curse
 j - 3 scrolls of teleportation
 o - 4 scrolls of amnesia
 r - 2 scrolls of summoning
 s - 3 scrolls of enchant armour
 v - 3 scrolls of magic mapping
 G - 2 scrolls of enchant weapon
 I - a scroll of acquirement {unknown}
 P - 2 scrolls of fog
 U - 2 scrolls of immolation
 W - a scroll of random uselessness {unknown}
Potions
 l - a potion of curing
 m - 4 potions of lignification
 z - 3 potions of flight
 L - a potion of ambrosia
 V - 2 potions of resistance
Books
 b - a book of Conjurations

   Spells                             Type                      Level
   a - Magic Dart                     Conjuration                  1
   b - Searing Ray                    Conjuration                  2
   c - Dazzling Spray                 Conjuration/Hexes            3
   d - Fulminant Prism                Conjuration/Hexes            4
   e - Force Lance                    Conjuration/Translocation    4
   f - Iskenderun's Mystic Blast      Conjuration                  4
 n - a book of Necromancy

   Spells                             Type                      Level
   a - Pain                           Necromancy                   1
   b - Animate Skeleton               Necromancy                   1
   c - Vampiric Draining              Necromancy                   3
   d - Regeneration                   Charms/Necromancy            3
   e - Animate Dead                   Necromancy                   4
   f - Control Undead                 Necromancy                   4
 M - a book of Maledictions

   Spells                             Type                      Level
   a - Corona                         Hexes                        1
   b - Ensorcelled Hibernation        Hexes/Ice                    2
   c - Confuse                        Hexes                        3
   d - Tukima's Dance                 Hexes                        3
   e - Dazzling Spray                 Conjuration/Hexes            3
 S - a book of Cantrips

   Spells                             Type                      Level
   a - Confusing Touch                Hexes                        1
   b - Animate Skeleton               Necromancy                   1
   c - Summon Small Mammal            Summoning                    1
   d - Apportation                    Translocation                1
Miscellaneous
 H - a crystal ball of energy
Comestibles
 i - 8 meat rations
 q - 11 royal jellies
 B - 8 fruits
 C - 9 bread rations


   Skills:
 + Level 6.2 Fighting
 - Level 4.2 Armour
 + Level 12.5 Dodging
 - Level 2.4 Stealth
 + Level 10.6 Spellcasting
 + Level 12.1 Conjurations
 + Level 6.0 Hexes
 - Level 5.6 Fire Magic


You had 7 spell levels left.
You knew the following spells:

 Your Spells              Type           Power        Failure   Level  Hunger
a - Magic Dart            Conj           ####         1%          1    None
b - Searing Ray           Conj           ######       1%          2    None
c - Dazzling Spray        Conj/Hex       ######       1%          3    None
d - Iskenderun's Mystic   Conj           ######..     1%          4    None
e - Force Lance           Conj/Tloc      #####...     1%          4    None
f - Flame Tongue          Conj/Fire      #####        1%          1    None
g - Tukima's Dance        Hex            #####...     1%          3    None
h - Fulminant Prism       Conj/Hex       ######....   1%          4    None
i - Confuse               Hex            #####...     1%          3    None


Dungeon Overview and Level Annotations

Branches:
Dungeon (10/15)            Temple (1/1) D:5            Lair (3/6) D:9
  Swamp (0/4) Lair:3          Orc (0/2) D:10
  Snake: Lair:2-4    Spider: Lair:2-4

Altars:
Ashenzari
Cheibriados
Dithmenos
Elyvilon
Fedhas
Gozag
Hepliaklqana
Kikubaaqudgha
Makhleb
Nemelex Xobeh
Okawaru
Qazlal
Ru
Sif Muna
Uskayaw
Vehumet
Wu Jian
Xom
Yredelemnul
The Shining One

Shops:
D:8 [   D:9 ?

Annotations:
D:10 Fannar
Lair:3 Gastronok


Message History

Gastronok is almost dead.
Gastronok makes a strange noise.
Gastronok chants a spell, wobbling all the while.
Gastronok puts on a burst of speed!
The searing ray hits Gastronok.
Gastronok is almost dead.
You finish channeling your searing ray.
Gastronok bites you!!
* * * LOW HITPOINT WARNING * * *
You feel better.
Casting: Searing Ray
Confirm with . or Enter, or press ? or * to list all spells.
Aiming: Searing Ray
Press: ? - help, Shift-Dir - straight line, f/p - Gastronok
Aim: Gastronok, wearing a glowing hat (almost dead, covering ground quickly)
The searing ray hits Gastronok.
Gastronok is almost dead. (Press . to maintain the ray.) Gastronok bites you!!
You die...

....[..........................<.
.....##.###.....#.##.####P...#..#
....######......####.# ##.....##
...#.####.#.....# #.### #....###
..##............## ....##........
..#.#...###......#.....##....##..
....+...# #......#...........##..
..#.##.#.##......w.....###...####
...###.####.....@##......#...P###
.....P..##.......# #....###.
................## ####P.......
................######.###.......
.................................
.................................
.............[...................
........................PP.####.#
.....##.####.....#..+###PP.P##..#


You could see Gastronok.

Vanquished Creatures
  2 hydras
  Harold (D:10)
  5 two-headed ogres
  Pikel (D:6)
  A black mamba (Lair:2)
  Psyche (D:9)
  3 spiny frogs
  The ghost of Daviar the Insei, a novice OpMo of Wu Jian (D:5)
  3 komodo dragons
  A troll (D:9)
  The ghost of lemonriz the Insei, an amateur GnTm (D:4)
  3 blink frogs (Lair:3)
  5 hippogriffs
  A wraith (D:10)
  A hungry ghost (D:7)
  Grum (D:8)
  4 vampire mosquitoes
  2 wargs (D:9)
  4 water moccasins
  7 porcupines
  Duvessa (D:7)
  3 sky beasts
  4 orc warriors
  2 ice beasts
  A black bear (D:9)
  A phantom (D:7)
  5 ogres
  7 wolves
  4 centaurs
  4 crocodiles
  2 big kobolds
  An elf zombie (Ossuary)
  11 bullfrogs
  2 wyvern zombies (D:10)
  Dowan (D:7)
  2 scorpions (D:7)
  An electric eel (Lair:1)
  3 howler monkeys
  5 crimson imps
  A bullfrog zombie (D:9)
  A quasit (D:8)
  4 jellies
  A bullfrog skeleton (D:5)
  A human zombie (Ossuary)
  2 centaur skeletons
  3 hounds
  7 orc priests
  14 orc wizards
  2 iguanas
  3 worker ants
  4 hound zombies
  A hound skeleton (D:10)
  2 mummies (Ossuary)
  A howler monkey zombie (D:10)
  A howler monkey skeleton (D:9)
  9 gnolls
  7 adders
  4 shadow imps
  3 oozes
  6 adder zombies
  3 adder skeletons
  A worm (D:2)
  A dart slug (D:1)
  4 leopard geckos
  57 orcs
  5 bats
  8 giant cockroaches
  6 goblins
  5 hobgoblins
  2 jackals (D:5)
  18 kobolds
  5 quokkas
  A ball python skeleton (D:4)
  7 frilled lizards
  A gnoll zombie (Ossuary)
  A goblin zombie (Ossuary)
  2 hobgoblin zombies (Ossuary)
  A leopard gecko skeleton (D:4)
  A leopard gecko zombie (D:9)
  An orc zombie (Ossuary)
  A quokka skeleton (D:5)
  3 quokka zombies (Ossuary)
  10 rats
  4 rat zombies (Ossuary)
  A plant (Lair:1)
334 creatures vanquished.

Vanquished Creatures (others)
  A bullfrog skeleton (D:6)
  An orc (D:6)
  6 fulminant prisms
  A fungus (Lair:1)
  A plant (Lair:1)
10 creatures vanquished.

Grand Total: 344 creatures vanquished

Notes
Turn   | Place    | Note
-------+----------+-------------------------------------------
     0 | D:1      | mortelune the Deep Elf Conjurer began the quest for the Orb.
     0 | D:1      | Reached XP level 1. HP: 10/10 MP: 6/6
   554 | D:1      | Reached XP level 2. HP: 15/15 MP: 1/8
   562 | D:1      | Learned a level 2 spell: Searing Ray
  1128 | D:1      | Reached XP level 3. HP: 14/19 MP: 2/10
  1653 | D:2      | Reached skill level 5 in Conjurations
  1653 | D:2      | Reached XP level 4. HP: 24/24 MP: 2/12
  1716 | D:2      | Learned a level 3 spell: Dazzling Spray
  1721 | D:2      | Learned a level 4 spell: Iskenderun's Mystic Blast
  2593 | D:2      | Reached XP level 5. HP: 28/28 MP: 9/14
  3062 | D:3      | Found a blossoming altar of Fedhas.
  3098 | D:2      | Reached skill level 5 in Spellcasting
  4144 | D:4      | Reached XP level 6. HP: 32/32 MP: 11/16
  4262 | D:4      | Found a sand-covered staircase.
  4278 | Ossuary  | Entered an ossuary
  4370 | Ossuary  | Reached skill level 5 in Dodging
  5432 | D:4      | Found a basalt altar of Yredelemnul.
  5500 | D:4      | Reached XP level 7. HP: 36/36 MP: 13/18
  5620 | D:4      | Noticed lemonriz's ghost (amateur GnTm)
  6113 | D:4      | Learned a level 4 spell: Force Lance
  6169 | D:4      | Killed lemonriz's ghost
  6780 | D:5      | Entered Level 5 of the Dungeon
  7169 | D:5      | Reached XP level 8. HP: 42/42 MP: 17/21
  7596 | D:5      | Noticed Daviar's ghost (novice OpMo)
  7602 | D:5      | Reached skill level 1 in Fighting
  7618 | D:5      | Killed Daviar's ghost
  7841 | D:5      | Found a staircase to the Ecumenical Temple.
  7850 | Temple   | Entered the Ecumenical Temple
  7954 | Temple   | Became a worshipper of Vehumet
  8799 | D:6      | Noticed Pikel
  8813 | D:6      | Killed Pikel
  8813 | D:6      | Reached XP level 9. HP: 39/50 MP: 12/24
  9507 | D:7      | Noticed Duvessa
  9518 | D:7      | Killed Duvessa
  9521 | D:7      | Noticed Dowan
  9525 | D:7      | Killed Dowan
  9626 | D:7      | Got an ichor-stained leather armour
  9637 | D:7      | Identified the +2 leather armour of the Sun {rPois} (You found it on level 7 of the Dungeon)
  9890 | D:7      | Got a bloodstained trident
  9891 | D:7      | Identified the +11 trident "String" {antimagic, *Drain Str+5 Dex+5} (You found it on level 7 of the Dungeon)
 10903 | D:7      | Reached skill level 10 in Spellcasting
 11537 | D:8      | Noticed a two-headed ogre
 11540 | D:8      | Killed a two-headed ogre
 11540 | D:8      | Reached XP level 10. HP: 58/58 MP: 1/26
 11865 | D:8      | Found Yxeap's Armour Boutique.
 11968 | D:8      | Reached * piety under Vehumet
 11968 | D:8      | Offered knowledge of Flame Tongue by Vehumet.
 11977 | D:8      | Learned a level 1 spell: Flame Tongue
 12287 | D:8      | Got a pitted leather armour
 12298 | D:8      | Identified the +1 leather armour "Etaoduph" {Int+2} (You found it on level 8 of the Dungeon)
 12471 | D:8      | Noticed Grum
 12474 | D:8      | Killed Grum
 12474 | D:8      | Reached skill level 1 in Fire Magic
 12483 | D:8      | Reached skill level 1 in Armour
 12677 | D:8      | Found an ancient bone altar of Kikubaaqudgha.
 12678 | D:8      | Found an ornate altar of the Wu Jian Council.
 13268 | D:9      | Reached skill level 10 in Dodging
 13676 | D:9      | Found a shadowy altar of Dithmenos.
 13699 | D:9      | Noticed Psyche
 13703 | D:9      | Killed Psyche
 13703 | D:9      | Reached skill level 10 in Conjurations
 14028 | D:9      | Found Toitac's Magic Scroll Emporium.
 14273 | D:9      | Noticed a two-headed ogre
 14284 | D:9      | Killed a two-headed ogre
 14733 | D:9      | Noticed a two-headed ogre
 14740 | D:9      | Killed a two-headed ogre
 14744 | D:9      | Offered knowledge of Freeze by Vehumet.
 14758 | D:9      | Reached ** piety under Vehumet
 14959 | D:9      | Bought a scroll of enchant armour for 90 gold pieces
 14959 | D:9      | Bought a scroll of summoning for 114 gold pieces
 14959 | D:9      | Bought a scroll of identify for 24 gold pieces
 14959 | D:9      | Bought a scroll of fog for 24 gold pieces
 14979 | D:9      | Found a staircase to the Lair.
 15173 | D:9      | Reached XP level 11. HP: 62/62 MP: 11/27
 15378 | D:10     | Entered Level 10 of the Dungeon
 15378 | D:10     | Noticed a two-headed ogre
 15387 | D:9      | Killed a two-headed ogre
 15794 | D:10     | Reached skill level 5 in Fire Magic
 15911 | D:10     | Noticed Fannar
 17130 | D:10     | Noticed a two-headed ogre
 17136 | D:10     | Killed a two-headed ogre
 17530 | D:10     | Offered knowledge of Inner Flame by Vehumet.
 17587 | D:10     | Learned a level 3 spell: Tukima's Dance
 17592 | D:10     | Learned a level 4 spell: Fulminant Prism
 17592 | D:10     | Found a staircase to the Orcish Mines.
 17953 | D:10     | Noticed Harold
 17963 | D:10     | Killed Harold
 17963 | D:10     | Reached skill level 1 in Hexes
 18048 | Lair:1   | Entered Level 1 of the Lair of Beasts
 18048 | Lair:1   | Noticed a five-headed hydra
 18061 | Lair:1   | Killed a five-headed hydra
 18061 | Lair:1   | Reached skill level 5 in Fighting
 18365 | Lair:1   | Reached *** piety under Vehumet
 19503 | Lair:1   | Learned a level 3 spell: Confuse
 20241 | Lair:2   | Reached XP level 12. HP: 69/69 MP: 8/28
 20892 | Lair:2   | Reached skill level 5 in Hexes
 20938 | Lair:2   | Noticed a six-headed hydra
 20945 | Lair:2   | Killed a six-headed hydra
 21187 | Lair:2   | Got a faintly humming chain mail
 21850 | D:9      | Bought a scroll of teleportation for 36 gold pieces
 21850 | D:9      | Bought a scroll of teleportation for 36 gold pieces
 21850 | D:9      | Bought a scroll of teleportation for 36 gold pieces
 21850 | D:9      | Bought a scroll of summoning for 114 gold pieces
 21964 | Lair:3   | Found a staircase to the Swamp.
 22940 | Lair:3   | Identified the cursed +1 chain mail of the Blessed Realm {MR++ Regen+} (You found it on level 2 of the Lair of Beasts)
 22982 | Lair:3   | Noticed Gastronok
 23358 | Lair:3   | Demolished by Gastronok

Vault maps used:
D:1:      dpeg_arrival_yet_another_circle
D:2:      wad_lake_hut
D:3:      fedhas_altar_1
D:4:      yredelemnul_altar_generic, enter_ossuary_1, first_bread
D:5:      minmay_temple_entry_crystal_x
D:6:      uniq_pikel
D:7:      uniq_duvessa
D:8:      minitemple, serial_shops, shop_fountains, uniq_grum
D:9:      kennysheep_mini, erik_lair_orcish_takeover, serial_shops, shop,
          grunt_ogre_cave, uniq_psyche
D:10:     orc_0_dummy, uniq_harold, uniq_fannar
Temple:   regret_index_temple_mists
Lair:1:   beast_lair_carwin_4, infiniplex_staircase_pool, lemuel_fruit_tree
Lair:2:   lemuel_fruit_fields
Lair:3:   minmay_swamp_entry_swarm, uniq_gastronok
Ossuary:  minmay_ossuary_two_tombs

Skill      XL: |  1  2  3  4  5  6  7  8  9 10 11 12 |
---------------+-------------------------------------+-----
Dodging        | 3 4 5 6 8 9 10 12 | 12.5
Spellcasting   | 4 5 6 7 9 10 | 10.6
Conjurations   | 5 6 7 8 9 10 11 12 | 12.1
Fighting       | 3 4 5 6 |  6.2
Fire Magic     | 4 5 |  5.6
Armour         | 3 4 |  4.2
Hexes          | 4 6 |  6.0
Stealth        | |  2.4

Action                   |  1- 3 |  4- 6 |  7- 9 | 10-12 || total
-------------------------+-------+-------+-------+-------++-------
Melee: Unarmed           |       |     1 |       |       ||     1
       Dagger            |       |    24 |       |       ||    24
       Whip              |       |       |     1 |    63 ||    64
 Cast: Magic Dart        |    56 |   124 |    80 |   147 ||   407
       Searing Ray       |     4 |    20 |    49 |    29 ||   102
       Dazzling Spray    |       |     7 |     5 |    19 ||    31
       Iskenderun's Myst |       |    12 |    25 |   234 ||   271
       Force Lance       |       |       |     6 |     4 ||    10
       Confuse           |       |       |       |    12 ||    12
       Fulminant Prism   |       |       |       |     6 ||     6
Evoke: Wand              |       |       |     1 |     7 ||     8
  Use: Scroll            |       |     3 |     3 |    15 ||    21
       Potion            |       |       |     1 |     9 ||    10
  Eat: Chunk             |     2 |     7 |    21 |    25 ||    55
       Meat ration       |       |     1 |       |       ||     1
       Royal jelly       |       |     1 |       |     1 ||     2
       Bread ration      |       |     1 |       |     1 ||     2
       Fruit             |       |       |       |     1 ||     1
Armor: Robe              |       |    18 |     5 |       ||    23
       Leather armour    |       |       |     3 |    57 ||    60
Dodge: Dodged            |     8 |    60 |    62 |   257 ||   387

Table legend:
 A = Spawn XP
 B = Non-spawn XP
 C = Spawn XP percentage of total XP
 D = Spawn monster count
 E = Non-spawn monster count
 F = Spawn count percentage of total count
 G = Total turns spent on level
                    A         B        C        D         E        F      G
               +---------+---------+-------+---------+---------+-------+---------
         Total |       0 |   26413 |   0.0 |       0 |     333 |   0.0 | 23358
               +---------+---------+-------+---------+---------+-------+---------
           D:1 |       0 |      60 |   0.0 |       0 |      22 |   0.0 |  1356
           D:2 |       0 |     216 |   0.0 |       0 |      24 |   0.0 |  1952
           D:3 |       0 |      94 |   0.0 |       0 |      18 |   0.0 |  1014
           D:4 |       0 |     703 |   0.0 |       0 |      25 |   0.0 |  1674
           D:5 |       0 |    1015 |   0.0 |       0 |      28 |   0.0 |  1392
           D:6 |       0 |    1129 |   0.0 |       0 |      10 |   0.0 |  1136
           D:7 |       0 |    1334 |   0.0 |       0 |      18 |   0.0 |  2315
           D:8 |       0 |    2174 |   0.0 |       0 |      33 |   0.0 |  1317
           D:9 |       0 |    5529 |   0.0 |       0 |      46 |   0.0 |  2971
          D:10 |       0 |    4074 |   0.0 |       0 |      44 |   0.0 |  2071
        Lair:1 |       0 |    4570 |   0.0 |       0 |      22 |   0.0 |  1845
        Lair:2 |       0 |    3076 |   0.0 |       0 |      11 |   0.0 |  2045
        Lair:3 |       0 |    2186 |   0.0 |       0 |      10 |   0.0 |  1188
       Ossuary |       0 |     253 |   0.0 |       0 |      22 |   0.0 |   956
               +---------+---------+-------+---------+---------+-------+---------
